 Dungeon Crawl Stone Soup version 0.23-a0-183-gf37f6fb (webtiles) character file.

11482 nikopol the Thaumaturge (level 11, -7/55 HPs)
             Began as a Deep Elf Fire Elementalist on Sept 20, 2018.
             Was an Elder of Vehumet.
             Hit by a javelin thrown by a minotaur (19 damage)
             ... in a labyrinth on Sept 21, 2018.
             The game lasted 00:42:00 (10668 turns).

nikopol the Thaumaturge (DEFE)                     Turns: 10668, Time: 00:42:01

Health: -7/55      AC:  8    Str:  5    XL:     11   Next: 49%
Magic:  26/45      EV: 14    Int: 24    God:    Vehumet [****..]
Gold:   675        SH:  4    Dex: 15    Spells: 18/37 levels left

rFire    + + +     SeeInvis +   A - staff of power
rCold    x . .     Gourm    .   u - +0 buckler
rNeg     . . .     Faith    .   a - +0 robe
rPois    .         Spirit   .   k - +1 helmet
rElec    .         Reflect  .   v - +0 cloak
rCorr    .         Harm     .   (no gloves)
MR       +....                  o - +2 pair of boots
Stlth    ++++......             (no amulet)
HPRegen  0.18/turn              i - ring of fire
MPRegen  0.29/turn              B - ring "Duvat" {+Fly rF++ SInv Stlth+}

@: no status effects
A: no striking features
a: Renounce Religion, Evoke Flight


You were in a labyrinth.
You worshipped Vehumet.
Vehumet was greatly pleased with you.
You were hungry.

You visited 3 branches of the dungeon, and saw 12 of its levels.
You also visited: Labyrinth, Sewer and Ossuary.

You collected 675 gold pieces.

Inventory:

Armour
 a - a +0 robe (worn)
 k - a +1 helmet (worn)
 o - a +2 pair of boots (worn)
 u - a +0 buckler (worn)
 v - a +0 cloak (worn)
Magical Staves
 A - an uncursed staff of power (weapon)
Jewellery
 i - a ring of fire (left hand)
 B - the ring "Duvat" (right hand) {+Fly rF++ SInv Stlth+}
   (You found it on level 6 of the Dungeon)

   [ring of flight]

   It greatly protects you from fire.
   It lets you see invisible.
   It lets you fly.
   It makes you more stealthy.
 F - an uncursed ring of poison resistance
Wands
 d - a wand of polymorph (20)
 q - a wand of digging (7)
 G - a wand of scattershot (4)
 H - a wand of flame (18)
Scrolls
 e - 9 scrolls of teleportation
 l - 2 scrolls of blinking
 m - 3 scrolls of enchant armour
 r - 6 scrolls of enchant weapon {unknown}
 s - 2 scrolls of noise {unknown}
 y - 2 scrolls of amnesia
 C - a scroll of vulnerability {unknown}
 D - a scroll of brand weapon {unknown}
 E - a scroll of fog {unknown}
 I - 2 scrolls of identify
 K - a scroll of fear {unknown}
Potions
 b - a potion of berserk rage
 f - 6 potions of curing
 g - 6 potions of agility
 h - a potion of ambrosia
 j - 2 potions of brilliance
 n - 6 potions of heal wounds
 p - 2 potions of might
 t - a potion of cancellation {unknown}
 w - a potion of lignification {unknown}
 x - a potion of resistance {unknown}
 z - a potion of mutation {unknown}
 J - 2 potions of flight
Comestibles
 c - 29 rations


   Skills:
 + Level 0.8 Fighting
 + Level 4.8 Dodging
 + Level 4.5 Stealth
 * Level 2.4 Shields
 + Level 13.7 Spellcasting
 + Level 10.5 Conjurations
 + Level 11.2 Fire Magic
 + Level 0.5 Ice Magic


You had 18 spell levels left.
You knew the following spells:

 Your Spells              Type           Power        Failure   Level  Hunger
a - Flame Tongue          Conj/Fire      #####        1%          1    None
b - Throw Flame           Conj/Fire      ######       1%          2    None
c - Conjure Flame         Conj/Fire      #######.     1%          3    None
d - Sticky Flame          Conj/Fire      #######.     1%          4    None
e - Fireball              Conj/Fire      #######...   1%          5    ###....
f - Throw Icicle          Conj/Ice       #####...     1%          4    None

Your spell library contained the following spells:

 Spells                   Type           Power        Failure   Level  Hunger
 Iskenderun's Battlesphe  Conj/Chrm      #####...     4%          5    ###....
 Freeze                   Ice            ###.         1%          1    None
 Throw Frost              Conj/Ice       #####.       1%          2    None
 Inner Flame              Hex/Fire       ######..     1%          3    None
 Bolt of Draining         Conj/Necr      #####.....   4%          5    ###....
 Corpse Rot               Necr           N/A          7%          2    None
 Sublimation of Blood     Necr           ###.......   7%          2    None
 Ozocubu's Armour         Chrm/Ice       ###.....     12%         3    None
 Recall                   Summ/Tloc      N/A          13%         3    None
 Summon Ice Beast         Ice/Summ       ###.....     36%         4    None
 Agony                    Necr           ###.....     77%         5    ###....
 Aura of Abjuration       Summ           ###.......   77%         5    ###....
 Dispel Undead            Necr           ###.....     77%         5    ###....
 Excruciating Wounds      Chrm/Necr      ###.......   77%         5    ###....
 Summon Demon             Summ           ###.......   77%         5    ###....
 Summon Forest            Summ/Tloc      ###.......   77%         5    ###....
 Summon Mana Viper        Hex/Summ       ###.....     77%         5    ###....
 Shadow Creatures         Summ           N/A          100%        6    #####..


Dungeon Overview and Level Annotations

Branches:
Dungeon (9/15)             Temple (1/1) D:6            Lair (2/6) D:9
  Swamp (0/4) Lair:2       Spider (0/4) Lair:2          Orc (0/2) D:9

Altars:
Ashenzari
Cheibriados
Dithmenos
Elyvilon
Fedhas
Gozag
Hepliaklqana
Makhleb
Okawaru
Ru
Sif Muna
Trog
Uskayaw
Vehumet
Wu Jian
Xom
Yredelemnul
Zin
The Shining One

Shops:
D:6 (

Annotations:
D:2 Sigmund
Lair:1 1 runed door, Uffexzam's ghost, journeyman DEFE


Message History

Casting: Fireball (safe; 1% risk of failure)
Confirm with . or Enter, or press ? or * to list all spells.
Aiming: Fireball (safe; 1% risk of failure)
Press: ? - help, Shift-Dir - straight line, f/p - minotaur
Aim: a minotaur, wearing a plate armour and wearing an amulet of guardian You feel a surge of power!
The fireball explodes!
The fireball engulfs the minotaur.
The minotaur is almost dead.
The minotaur throws a javelin.
The javelin hits you!
* * * LOW HITPOINT WARNING * * *
Casting: Fireball (safe; 1% risk of failure)
Confirm with . or Enter, or press ? or * to list all spells.
Aiming: Fireball (safe; 1% risk of failure)
Press: ? - help, Shift-Dir - straight line, f/p - minotaur
Aim: a minotaur, wearing a plate armour and wearing an amulet of guardian You feel a surge of power!
The fireball explodes!
The fireball engulfs the minotaur.
The minotaur is almost dead.
The minotaur throws a javelin.
The javelin hits you!!
You die...

# .## . ##
.# ...#
##### ###
.#####
#....... ..
.... .
#.########
## ##
#.#.....@#
...#
#.#H####.#..
# # # #.#..#
#.######.# #
#.
......#..#
## #######
##.# ... . .
... # . #...
#.# #... . #
. #


You could see a minotaur.

Vanquished Creatures
  A two-headed ogre (D:8)
  2 slime creatures (D:8)
  Joseph (D:8)
  4 spiny frogs (Lair:1)
  A komodo dragon (Lair:1)
  Grinder (D:6)
  A polar bear (Lair:1)
  3 hippogriffs
  A spriggan (D:8)
  Eustachio (D:6)
  2 basilisks (Lair:1)
  10 yaks (Lair:1)
  Edmund (D:6)
  A water moccasin (Lair:1)
  3 porcupines (Lair:1)
  Purgy (Sewer)
  An orc warrior (D:9)
  2 ice beasts
  2 phantoms
  2 black bears (Lair:1)
  4 ogres
  2 sky beasts (D:7)
  2 necrophages
  3 centaurs
  3 wolves (Lair:1)
  A crocodile (D:8)
  4 bullfrogs
  5 scorpions
  3 killer bees (D:8)
  9 wights (D:9)
  4 howler monkeys
  2 electric eels
  4 lava snakes (Lab)
  2 crimson imps (D:9)
  2 hounds
  A quasit (D:7)
  A bullfrog skeleton (D:8)
  4 jellies
  Crazy Yiuf (D:4)
  A centaur skeleton (D:5)
  7 orc priests
  10 orc wizards
  A gnoll shaman (D:8)
  3 iguanas
  7 worker ants
  12 mummies (Ossuary)
  Robin (D:2)
  7 gnolls
  3 worker ant zombies
  4 adders
  A shadow imp (D:8)
  2 oozes
  An adder skeleton (D:6)
  An adder zombie (D:5)
  3 worms
  4 dart slugs
  7 leopard geckos
  33 orcs
  3 giant cockroaches
  A gnoll zombie (D:8)
  13 hobgoblins
  10 jackals
  5 quokkas
  2 ball pythons
  7 bats
  2 frilled lizards (D:2)
  2 giant cockroach zombies
  3 gnoll skeletons (Ossuary)
  15 goblins
  2 goblin skeletons (Ossuary)
  7 kobolds
  A kobold skeleton (Ossuary)
  2 orc skeletons (Ossuary)
  An orc zombie (D:8)
  13 rats
  11 rat skeletons (Ossuary)
306 creatures vanquished.

Vanquished Creatures (others)
  A plant (Lair:1)
1 creature vanquished.

Grand Total: 307 creatures vanquished

Notes
Turn   | Place    | Note
-------+----------+-------------------------------------------
     0 | D:1      | nikopol the Deep Elf Fire Elementalist began the quest for
                  | the Orb.
     0 | D:1      | Reached XP level 1. HP: 10/10 MP: 6/6
   158 | D:1      | Reached XP level 2. HP: 7/15 MP: 1/8
   450 | D:1      | Reached XP level 3. HP: 19/19 MP: 3/9
   713 | D:1      | Learned a level 2 spell: Throw Flame
   717 | D:1      | Learned a level 3 spell: Conjure Flame
   944 | D:2      | Noticed Robin
   953 | D:2      | Killed Robin
   953 | D:2      | Reached XP level 4. HP: 21/24 MP: 2/11
  1241 | D:2      | Reached skill level 5 in Fire Magic
  1251 | D:2      | Noticed Sigmund
  1482 | D:2      | Found a hazy altar of Hepliaklqana.
  1628 | D:2      | Found a blossoming altar of Fedhas.
  1858 | D:3      | Reached skill level 4 in Spellcasting
  1858 | D:3      | Reached XP level 5. HP: 28/28 MP: 3/13
  1944 | D:3      | Noticed an ogre
  1958 | D:3      | Killed an ogre
  2063 | D:2      | Learned a level 4 spell: Sticky Flame
  2514 | D:4      | Noticed an ogre
  2524 | D:3      | Killed an ogre
  2524 | D:3      | Reached skill level 5 in Spellcasting
  2524 | D:3      | Reached XP level 6. HP: 32/32 MP: 7/15
  2531 | D:3      | Learned a level 5 spell: Fireball
  2821 | D:4      | Reached XP level 7. HP: 25/36 MP: 0/17
  3064 | D:4      | Found a glowing drain.
  3082 | Sewer    | Entered a sewer
  3255 | Sewer    | Noticed Purgy
  3265 | Sewer    | Killed Purgy
  3265 | Sewer    | Reached skill level 6 in Spellcasting
  3704 | D:4      | Found a runed door.
  3708 | D:4      | Noticed Crazy Yiuf
  3713 | D:4      | Killed Crazy Yiuf
  4120 | D:5      | Entered Level 5 of the Dungeon
  4810 | D:5      | Reached skill level 7 in Spellcasting
  4828 | D:5      | Reached skill level 5 in Conjurations
  4828 | D:5      | Reached XP level 8. HP: 33/42 MP: 7/20
  4921 | D:6      | Found a staircase to the Ecumenical Temple.
  4933 | Temple   | Entered the Ecumenical Temple
  5072 | Temple   | Became a worshipper of Vehumet
  5114 | D:6      | Noticed Grinder
  5119 | D:6      | Paralysed by Grinder for 6 turns
  5121 | D:6      | Killed Grinder
  5227 | D:6      | Reached skill level 8 in Spellcasting
  5452 | D:6      | Noticed Edmund
  5457 | D:6      | Got a shimmering lead ring
  5483 | D:6      | Killed Edmund
  5694 | D:6      | Reached skill level 9 in Spellcasting
  5697 | D:6      | Noticed Eustachio
  5782 | D:6      | Killed Eustachio
  5931 | D:6      | Found Ageycsin's Weapon Shoppe.
  6054 | D:7      | Identified the ring "Duvat" {+Fly rF++ SInv Stlth+} (You
                  | found it on level 6 of the Dungeon)
  6068 | D:7      | Reached XP level 9. HP: 46/46 MP: 24/24
  6157 | D:7      | Reached * piety under Vehumet
  6157 | D:7      | Offered knowledge of Sandblast by Vehumet.
  6368 | D:7      | Reached skill level 10 in Spellcasting
  6404 | D:7      | Found a shattered altar of Ashenzari.
  6518 | D:7      | Found an ornate altar of the Wu Jian Council.
  6881 | D:8      | Noticed a two-headed ogre
  6912 | D:8      | Killed a two-headed ogre
  6912 | D:8      | Reached skill level 11 in Spellcasting
  7101 | D:8      | Found a sand-covered staircase.
  7110 | Ossuary  | Entered an ossuary
  7114 | Ossuary  | Offered knowledge of Magic Dart by Vehumet.
  7120 | Ossuary  | Reached ** piety under Vehumet
  7154 | Ossuary  | Reached XP level 10. HP: 51/51 MP: 27/27
  7449 | D:8      | Found a white marble altar of Elyvilon.
  7476 | D:8      | Offered knowledge of Ignite Poison by Vehumet.
  7636 | D:8      | Found a shimmering altar of Xom.
  7638 | D:8      | Found a shimmering altar of Xom.
  7685 | D:8      | Reached *** piety under Vehumet
  7781 | D:8      | Noticed Joseph
  7785 | D:8      | Killed Joseph
  8253 | D:8      | Reached skill level 12 in Spellcasting
  8253 | D:8      | Reached skill level 10 in Fire Magic
  8427 | D:8      | Found a shadowy altar of Dithmenos.
  8605 | D:9      | Learned a level 4 spell: Throw Icicle
  8624 | D:9      | Found a sacrificial altar of Ru.
  8624 | D:9      | Found a glowing silver altar of Zin.
  8625 | D:9      | Found an iron altar of Okawaru.
  8625 | D:9      | Found a staircase to the Lair.
  8629 | D:9      | Offered knowledge of Dazzling Spray by Vehumet.
  8645 | D:9      | Found a staircase to the Orcish Mines.
  8934 | D:9      | Found an opulent altar of Gozag.
  9304 | Lair:1   | Entered Level 1 of the Lair of Beasts
  9304 | Lair:1   | Found a runed door.
  9311 | Lair:1   | Noticed Uffexzam's ghost (journeyman DEFE)
  9522 | Lair:1   | Noticed a spiny frog
  9524 | Lair:1   | Killed a spiny frog
  9610 | Lair:1   | Reached XP level 11. HP: 55/55 MP: 29/29
  9619 | Lair:1   | Reached skill level 1 in Shields
  9695 | Lair:1   | Reached skill level 13 in Spellcasting
  9743 | Lair:1   | Reached skill level 10 in Conjurations
  9768 | Lair:1   | Reached **** piety under Vehumet
  9797 | Lair:1   | Offered knowledge of Iskenderun's Battlesphere by Vehumet.
 10349 | Lair:2   | Found a labyrinth entrance.
 10358 | Lab      | Entered a labyrinth
 10372 | Lab      | Upgraded the game from 0.23-a0-182-g58cdd98 to
                  | 0.23-a0-183-gf37f6fb
 10664 | Lab      | Noticed a minotaur
 10668 | Lab      | Hit by a javelin thrown by a minotaur

Vault maps used:
D:1:      tarquinn_simple_flora_water_a
D:2:      marbit_many_paths, fedhas_altar_3, uniq_sigmund, uniq_robin
D:3:      first_ration
D:4:      portal_sewer_entry_a, uniq_crazy_yiuf_cottage
D:6:      minmay_temple_entry_grid, serial_shops, shop, uniq_edmund,
          uniq_grinder, uniq_eustachio
D:7:      nicolae_overflow_crystal_walls, basic_altar
D:8:      lemuel_round_altar, grunt_dithmenos_shadows, enter_ossuary_3,
          the_bakery, xom_redecorated, uniq_joseph
D:9:      old_standard_altar, gammafunk_temple_overflow_claw, lair_entry_dummy,
          orc_0_dummy
Temple:   dpeg_chambers_temple
Lair:1:   ebering_ghost_inner_flame, gammafunk_lair_bear_cave
Lair:2:   swamp_mist_pool, spider_nest_entry_a, lab_entry_generic,
          serial_forest, infiniplex_forest_clump_double, infiniplex_forest_join,
          infiniplex_forest_3_way, infiniplex_forest_straight_2,
          gammafunk_ghost_grave
Lab:      labyrinth_spiral, nicolae_lab_starburst, labyrinth_lava_lair,
          nicolae_lab_quarters
Sewer:    sewer_the_crocodile
Ossuary:  ossuary_due_small_catacomb

Skill      XL: |  1  2  3  4  5  6  7  8  9 10 11 |
---------------+----------------------------------+-----
Fire Magic     | 4 5 6 8 9 10 11 | 11.2
Conjurations   | 2 3 5 6 8 9 10 | 10.5
Spellcasting   | 4 5 7 9 11 12 13 | 13.7
Stealth        | 3 4 |  4.5
Dodging        | 3 4 |  4.8
Shields        | 2 |  2.4
Fighting       | |  0.8
Ice Magic      | |  0.5

Action                   |  1- 3 |  4- 6 |  7- 9 | 10-12 || total
-------------------------+-------+-------+-------+-------++-------
Melee: Staff             |       |       |     5 |       ||     5
 Cast: Flame Tongue      |    67 |    98 |   198 |   172 ||   535
       Sticky Flame      |       |     3 |    39 |    29 ||    71
       Conjure Flame     |       |     1 |     1 |     3 ||     5
       Fireball          |       |       |     6 |    41 ||    47
       Throw Flame       |       |       |     1 |     3 ||     4
       Throw Icicle      |       |       |       |    11 ||    11
  Use: Scroll            |       |     7 |     8 |     6 ||    21
       Potion            |       |       |       |     1 ||     1
  Eat: Chunk             |       |     6 |    12 |    11 ||    29
       Ration            |       |       |     1 |     1 ||     2
Armor: Robe              |     3 |     2 |    38 |    12 ||    55
Dodge: Dodged            |    11 |    23 |    79 |    24 ||   137
Block: Buckler           |       |       |       |     5 ||     5

Table legend:
 A = Non-vault XP
 B = Vault XP
 C = Vault XP percentage of total XP
 D = Non-vault monster count
 E = Vault monster count
 F = Vault count percentage of total count
                 A         B        C        D         E       F
            +---------+---------+-------+---------+---------+-------
      Total |   13714 |    2690 |  16.4 |     236 |      70 |  22.9
            +---------+---------+-------+---------+---------+-------
        D:1 |      87 |       0 |   0.0 |      32 |       0 |   0.0
        D:2 |      57 |      39 |  40.6 |      18 |      12 |  40.0
        D:3 |     275 |       0 |   0.0 |      18 |       0 |   0.0
        D:4 |     563 |      47 |   7.7 |      30 |       5 |  14.3
        D:5 |     323 |       0 |   0.0 |       7 |       0 |   0.0
        D:6 |     616 |     650 |  51.3 |      19 |       3 |  13.6
        D:7 |     831 |       0 |   0.0 |      21 |       0 |   0.0
        D:8 |    3589 |     781 |  17.9 |      39 |       5 |  11.4
        D:9 |    1545 |       0 |   0.0 |      24 |       0 |   0.0
     Lair:1 |    5492 |     605 |   9.9 |      26 |       4 |  13.3
     Lair:2 |     336 |       0 |   0.0 |       2 |       0 |   0.0
        Lab |       0 |     196 | 100.0 |       0 |       4 | 100.0
      Sewer |       0 |     139 | 100.0 |       0 |       6 | 100.0
    Ossuary |       0 |     233 | 100.0 |       0 |      31 | 100.0
            +---------+---------+-------+---------+---------+-------
